 Dungeon Crawl Stone Soup version 0.25-a0-829-g4e6a552925 (webtiles) character file.

Game seed: 9083887451309783902, levelgen mode: deterministic

66 grindst0ne the Skirmisher (level 4, -1/55 HPs)
             Began as a Human Artificer on Apr 21, 2020.
             Slain by a goblin (4 damage)
             ... led by Robin
             ... on level 2 of the Dungeon.
             The game lasted 00:02:14 (1239 turns).

grindst0ne the Skirmisher (Human Artificer)         Turns: 1239, Time: 00:02:14

Health: -1/55      AC:  3    Str: 13    XL:     4   Next: 37%
Magic:  6/6        EV: 12    Int: 11    God:
Gold:   125        SH:  0    Dex: 14    Spells: 3/3 levels left

rFire    . . .     SeeInvis .   a - +0 short sword
rCold    . . .     Gourm    .   (no shield)
rNeg     . . .     Faith    .   b - +0 leather armour
rPois    .         Spirit   .   (no helmet)
rElec    .         Reflect  .   (no cloak)
rCorr    .         Harm     .   (no gloves)
MR       .....                  (no boots)
Stlth    ..........             (no amulet)
HPRegen  0.18/turn              (no ring)
MPRegen  0.10/turn              (no ring)

@: berserking, very quick
A: no striking features
a: no special abilities


You were on level 2 of the Dungeon.
You were not hungry.

You visited 1 branch of the dungeon, and saw 2 of its levels.

You collected 125 gold pieces.

Inventory:

Hand Weapons
 a - a +0 short sword (weapon)
Missiles
 h - 5 boomerangs (quivered)
Armour
 b - a +0 leather armour (worn)
 j - a +0 chain mail
Jewellery
 o - a +6 amulet of reflection {unknown}
 p - a +4 amulet of reflection {unknown}
Wands
 c - a wand of flame (13)
 d - a wand of enslavement (15)
 e - a wand of random effects (15)
Scrolls
 g - 3 scrolls of teleportation {unknown}
 k - 2 scrolls of identify {unknown}
 n - a scroll of magic mapping {unknown}
Potions
 i - a potion of lignification {unknown}
 l - a potion of resistance {unknown}
 m - a potion of berserk rage
Comestibles
 f - 2 rations


   Skills:
 + Level 3.9 Fighting
 - Level 1.0 Short Blades
 - Level 2.0 Dodging
 - Level 1.0 Stealth
 - Level 3.0 Evocations


You had 3 spell levels left.
You didn't know any spells.
Your spell library was empty.

Dungeon Overview and Level Annotations

Branches:
Dungeon (2/15)

Altars:


Message History

You closely miss the goblin. The goblin closely misses you.
The goblin hits you.
* * * LOW HITPOINT WARNING * * *
It was a potion of berserk rage.
A red film seems to cover your vision as you go berserk!
You feel yourself moving faster!
You feel mighty! The goblin barely misses you. The goblin hits you.
* * * LOW HITPOINT WARNING * * *
You barely miss the goblin.
The goblin no longer looks unusually strong.
The goblin misses you. The goblin hits you.
* * * LOW HITPOINT WARNING * * *
You are too berserk!
You hit the goblin.
The goblin is severely wounded.
The goblin hits you but does no damage.
A goblin comes into view.
A goblin comes into view. It is wielding a +0 club.
The goblin hits you.
You die...

#### g.# #g#
#g# #@#
#.#####g##
#.gg..gg.#.#
######.<[..#
#..........#
#.####..##.#
#. #.# . #
.# .#


You could see a hobgoblin and 5 goblins.

Vanquished Creatures
  Robin (D:2)
  2 oozes (D:1)
  A dart slug (D:1)
  2 leopard geckos (D:1)
  2 giant cockroaches
  5 hobgoblins (D:1)
  4 jackals (D:1)
  A quokka (D:2)
  3 bats (D:1)
  6 frilled lizards
  5 goblins
  6 kobolds
  7 rats (D:1)
45 creatures vanquished.

Notes
Turn   | Place    | Note
-------+----------+-------------------------------------------
     0 | D:1      | grindst0ne the Human Artificer began the quest for the Orb.
     0 | D:1      | Reached XP level 1. HP: 15/15 MP: 3/3
    63 | D:1      | Reached XP level 2. HP: 10/22 MP: 4/4
   182 | D:1      | Reached XP level 3. HP: 7/28 MP: 5/5
   851 | D:1      | Reached XP level 4. HP: 33/35 MP: 6/6
  1222 | D:2      | Noticed Robin
  1232 | D:2      | Killed Robin
  1239 | D:2      | Slain by a goblin

Levels and vault maps discovered:
D:1:      dpeg_arrival_another_circle, layout_basic, minmay_hexomino_c4
D:2:      layout_rooms, uniq_robin

Skill      XL: |  1  2  3 |
---------------+----------+-----
Fighting       | 2 3 |  3.9
Short Blades   | |  1.0
Dodging        | |  2.0
Stealth        | |  1.0
Evocations     | |  3.0

Action                   |  1- 3 |  4- 6 || total
-------------------------+-------+-------++-------
Melee: Short sword       |   123 |    29 ||   152
Throw: Boomerang         |     8 |     1 ||     9
Evoke: Wand              |       |     2 ||     2
  Use: Potion            |       |     1 ||     1
 Stab: Sleeping          |     1 |       ||     1
  Eat: Chunk             |       |     1 ||     1
Armor: Leather armour    |    27 |     7 ||    34
Dodge: Dodged            |    74 |    32 ||   106

Table legend:
 A = Non-vault XP
 B = Vault XP
 C = Vault XP percentage of total XP
 D = Non-vault monster count
 E = Vault monster count
 F = Vault count percentage of total count
                 A         B        C        D         E       F
            +---------+---------+-------+---------+---------+-------
      Total |      63 |      32 |  33.7 |      36 |       9 |  20.0
            +---------+---------+-------+---------+---------+-------
        D:1 |      56 |      14 |  20.0 |      31 |       6 |  16.2
        D:2 |       7 |      18 |  72.0 |       5 |       3 |  37.5
            +---------+---------+-------+---------+---------+-------
